Map: Lost and Found LE

Players

soO - Winner!

  • Race: Zerg Zerg
  • League: Master
  • Spawn Location: 1:00

Serral

  • Race: Zerg Zerg
  • League: Master
  • Spawn Location: 7:00

Event: HomeStory Cup XVIII

VOD

Have the link to the VOD?

Description

Time

  • Played on: Nov. 23, 2018, 7:39 a.m.
  • Length: 9:29

All games in this series

Show
View Real Time Build Order
Export as new Build Order

soO Zerg - Winner!

Build Orders: Hatch First 

Get SALT Encoding   

  12  0:00  Drone  
  13  0:12  Overlord  
  13  0:16  Drone  
  14  0:30  Drone x2  
  14  0:34  Drone  
  17  0:50  Hatchery  
  17  0:53  Drone  
  17  0:56  Drone  
  18  1:08  Extractor  
  17  1:12  Spawning Pool  
  17  1:14  Drone  
  17  1:18  Drone  
  18  1:27  Drone  
  19  1:39  Drone  
  20  1:49  Overlord  
  20  1:58  Queen  
  22  2:02  Queen, Drone  
  22  2:03  Drone  
  22  2:07  Metabolic Boost  
  26  2:13  Drone  
  26  2:14  Drone  
  28  2:21  Drone  
  29  2:24  Drone  
  30  2:33  Hatchery  
  30  2:36  Drone  
  30  2:40  Zergling x2  
  31  2:45  Baneling Nest  
  30  2:51  Drone  
  30  2:52  Overlord  
  31  2:59  Drone x2  
  33  3:07  Zergling x4  
  33  3:12  Drone  
  36  3:13  Drone x4  
  36  3:14  Drone  
  36  3:19  Overlord  
  41  3:22  Queen  
  43  3:33  Baneling x2  
  43  3:35  Zergling x2  
  43  3:36  Overlord  
  43  3:39  Zergling x2  
  43  3:40  Drone  
  46  3:48  Drone x2  
  48  3:50  Drone  
  48  3:52  Lair  
  49  3:57  Drone x5  
  49  3:58  Extractor  
  49  4:00  Extractor  
  51  4:04  Zergling x4  
  51  4:06  Baneling  
  52  4:11  Queen  
  52  4:13  Zergling x8  
  56  4:18  Overlord  
  56  4:19  Baneling x2  
  56  4:22  Zergling x4  
  58  4:29  Roach Warren  
  56  4:31  Zergling x4  
  56  4:34  Drone x4  
  62  4:38  Drone  
  62  4:39  Drone x2  
  64  4:54  Drone x3  
  64  4:59  Drone  
  66  5:01  Spire, Drone  
  66  5:08  Drone x2  
  66  5:09  Baneling  
  66  5:12  Extractor  
  66  5:13  Drone x2  
  66  5:14  Drone x2, Overlord  
  70  5:19  Zergling x2  
  71  5:25  Zergling x2  
  72  5:31  Drone, Evolution Chamber, Zergling x2  
  72  5:32  Overlord  
  72  5:33  Zergling x4  
  75  5:37  Drone x3  
  75  5:38  Extractor  
  75  5:39  Baneling  
  75  5:41  Overlord  
  76  5:53  Drone x2, Baneling x2  
  76  5:55  Extractor, Drone, Overlord  
  77  5:58  Baneling  
  77  5:59  Baneling  
  77  6:01  Overlord  
  75  6:11  Zergling x2  
  75  6:12  Drone, Zergling x4  
  75  6:14  Mutalisk x5  
  75  6:15  Mutalisk x2  
  93  6:21  Overlord  
  92  6:27  Mutalisk  
  92  6:28  Drone x2  
  95  6:32  Overlord  
  95  6:34  Mutalisk  
  95  6:37  Zerg Missile Weapons Level 1, Drone x2  
  95  6:38  Drone x2  
  95  6:39  Drone  
  101  6:42  Hatchery  
  101  6:44  Glial Reconstitution  
  100  6:48  Drone x2  
  100  6:52  Roach x5  
  112  6:57  Overlord  
  112  7:00  Roach x3  
  118  7:09  Roach x2  
  118  7:12  Overlord  
  122  7:16  Roach x4  
  122  7:19  Overseer  
  130  7:26  Overlord x2  
  130  7:32  Roach  
  130  7:33  Roach  
  130  7:34  Roach x4  
  141  7:48  Roach x5  
  151  7:52  Overseer  
  151  7:59  Overlord  
  151  8:05  Overlord, Roach x8  
  165  8:08  Overlord, Evolution Chamber  
  165  8:10  Queen, Drone x3, Hydralisk Den  
  168  8:15  Overlord  
  168  8:23  Overseer, Roach x3  
  168  8:24  Overlord  
  168  8:26  Overlord  
  174  8:27  Roach x3  
  174  8:29  Ravager  
  174  8:30  Ravager x4  
  185  8:47  Roach x5  
  195  8:51  Extractor  
  192  9:02  Roach x4  
Show
View Real Time Build Order
Export as new Build Order

Serral Zerg 

Build Orders: Hatch First 

Get SALT Encoding   

  12  0:00  Drone  
  13  0:12  Overlord  
  13  0:17  Drone  
  14  0:30  Drone x2  
  16  0:47  Hatchery  
  15  0:51  Drone  
  15  0:54  Drone  
  17  0:57  Drone  
  18  1:07  Extractor  
  17  1:12  Spawning Pool  
  17  1:15  Drone  
  17  1:18  Drone  
  18  1:28  Drone  
  19  1:46  Drone  
  20  1:52  Overlord  
  20  2:00  Queen x2  
  24  2:02  Drone x2  
  26  2:09  Metabolic Boost  
  26  2:12  Drone  
  26  2:13  Drone  
  28  2:22  Drone x2  
  30  2:34  Hatchery  
  30  2:36  Zergling x2  
  31  2:37  Zergling x2  
  31  2:44  Overlord  
  31  2:46  Drone  
  32  2:57  Drone x2, Baneling Nest  
  33  3:06  Overlord  
  33  3:12  Overlord  
  33  3:14  Zergling x6  
  36  3:25  Zergling x10  
  41  3:36  Zergling x4  
  43  3:41  Baneling x3  
  43  3:43  Queen  
  43  3:44  Overlord  
  43  3:45  Drone x2, Zergling x2  
  48  3:50  Drone  
  48  3:53  Drone x2, Evolution Chamber  
  49  3:56  Drone  
  49  4:04  Drone  
  49  4:09  Drone  
  52  4:10  Drone  
  50  4:17  Overlord  
  50  4:19  Drone x6  
  50  4:23  Zerg Missile Weapons Level 1  
  56  4:24  Drone  
  56  4:26  Drone  
  56  4:30  Baneling  
  56  4:31  Baneling  
  58  4:32  Extractor  
  58  4:33  Extractor  
  58  4:35  Drone x3  
  59  4:42  Roach Warren  
  57  4:51  Zergling x4  
  57  4:52  Drone x7  
  65  4:53  Drone  
  65  4:55  Zergling x2  
  65  4:58  Drone x2  
  66  5:02  Zergling x2  
  66  5:03  Zergling x2  
  66  5:06  Lair  
  68  5:09  Zergling x4  
  68  5:19  Baneling  
  68  5:20  Baneling  
  68  5:21  Zergling x6  
  71  5:24  Overlord x2  
  71  5:26  Extractor x2  
  71  5:28  Drone x2  
  71  5:33  Drone x3  
  73  5:39  Overlord  
  73  5:43  Drone x3  
  76  5:54  Drone x5  
  79  6:00  Extractor, Overlord  
  79  6:02  Overlord  
  78  6:05  Glial Reconstitution  
  78  6:09  Hatchery  
  78  6:11  Roach x4  
  80  6:12  Roach x2  
  80  6:13  Drone  
  80  6:14  Pneumatized Carapace, Roach  
  80  6:16  Overseer  
  85  6:20  Zerg Missile Weapons Level 2  
  85  6:21  Drone  
  85  6:24  Drone x2  
  88  6:28  Drone x2  
  88  6:31  Drone  
  88  6:32  Ravager  
  90  6:43  Roach x4  
  98  6:49  Spore Crawler  
  98  6:50  Spore Crawler x2  
  98  6:52  Queen x2  
  99  6:56  Queen  
  99  6:59  Overlord  
  101  7:08  Drone x3  
  104  7:09  Drone x2  
  104  7:11  Overlord  
  103  7:17  Spore Crawler  
  103  7:18  Drone x2, Spore Crawler  
  103  7:25  Hydralisk Den  
  103  7:28  Queen x2  
  108  7:30  Roach x2  
  108  7:31  Roach  
  108  7:32  Queen  
  108  7:34  Roach x2  
  108  7:36  Roach  
  119  7:38  Roach x2  
  119  7:41  Spore Crawler  
  119  7:43  Spore Crawler  
  117  7:47  Overlord, Spore Crawler  
  113  7:56  Overlord  
  113  7:58  Drone x4  
  118  8:06  Drone x3  
  118  8:08  Lurker Den  
  118  8:09  Roach x4  
  128  8:21  Overlord  
  128  8:24  Drone x2  
  128  8:26  Overlord  
  128  8:27  Overlord  
  128  8:29  Overlord  
  128  8:30  Hydralisk  
  129  8:40  Hydralisk x4  
  137  8:46  Hatchery  
  137  8:48  Ravager x3  
  139  8:49  Roach x5  
  139  8:54  Roach x5  
  159  9:02  Roach  
  161  9:04  Overlord  
  161  9:05  Overlord x3  
Tags
 
Add a new tag
Caveats
  • Supply blocks, unpowered buildings, or Contaminate may cause inaccurate times.
  • Supply counts are checked every 10 seconds.